 Dungeon Crawl Stone Soup version 0.28-a0-667-g162e43154e (webtiles) character file.

Game seed: 14147460280850134439

718 Lekart the Slasher (level 7, -29/60 HPs)
             Began as a Purple Draconian Fighter on Oct 17, 2021.
             Was an Initiate of Makhleb.
             Annihilated by an ogre (46 damage)
             ... on level 5 of the Dungeon.
             The game lasted 00:05:55 (5536 turns).

Lekart the Slasher (Purple Draconian Fighter)       Turns: 5536, Time: 00:05:55

Health: -29/60     AC:  7    Str: 20    XL:     7   Next: 42%
Magic:  7/7        EV: 12    Int:  9    God:    Makhleb [......]
Gold:   149        SH:  0    Dex: 10    Spells: 6/6 levels left

rFire   . . .      SeeInvis .   j - +3 quarterstaff (chaos)
rCold   . . .      Faith    .   (shield currently unavailable)
rNeg    . . .      Spirit   .   (armour unavailable)
rPois   .          Reflect  .   (helmet restricted)
rElec   .          Harm     .   k - +0 cloak
rCorr   .          Rampage  .   (no gloves)
Will    +....                   (no boots)
Stlth   +.........              (no amulet)
HPRegen 0.20/turn               (no ring)
MPRegen 0.10/turn               (no ring)

@: no status effects
A: breathe power, AC +6, unfitting armour, cold-blooded
a: Breathe Dispelling Energy, Renounce Religion


You were on level 5 of the Dungeon.
You worshipped Makhleb.
Makhleb was noncommittal.
You visited 2 branches of the dungeon, and saw 6 of its levels.

You collected 149 gold pieces.

Inventory:

Hand Weapons
 a - a +1 long sword
 j - a +3 quarterstaff of chaos (weapon)
Armour
 b - a +0 buckler
 k - a +0 cloak (worn)
Jewellery
 f - a +6 ring of intelligence
Scrolls
 e - a scroll of holy word
 g - 2 scrolls of amnesia {unknown}
 h - a scroll of enchant weapon
 l - a scroll of magic mapping
 n - 3 scrolls of identify
 o - 3 scrolls of noise {unknown}
Potions
 d - a potion of brilliance
 i - a potion of magic {unknown}
 m - a potion of curing {unknown}


   Skills:
 + Level 4.9 Fighting
 + Level 5.4 Long Blades
 + Level 3.2 Staves
 + Level 3.9 Dodging
 + Level 3.8 Shields


You had 6 spell levels left.
You didn't know any spells.
Your spell library contained the following spells:

 Spells                   Type           Power      Damage    Failure   Level
 Passage of Golubria      Tloc           N/A        N/A       99%         4
 Silence                  Hex/Air        0%         N/A       100%        5
 Lehudib's Crystal Spear  Conj/Erth      0%         10d2      100%        8


Dungeon Overview and Level Annotations

Branches:
Dungeon (5/15)             Temple (1/1) D:4

Altars:
Ashenzari
Cheibriados
Dithmenos
Elyvilon
Fedhas
Gozag
Hepliaklqana
Kikubaaqudgha
Makhleb
Nemelex Xobeh
Okawaru
Ru
Trog
Vehumet
Wu Jian
Xom
Yredelemnul
Zin
The Shining One


Innate Abilities, Weirdness & Mutations

You can breathe bolts of dispelling energy.
Your rich purple scales are hard. (AC +6)
You cannot fit into any form of body armour.
You are cold-blooded and may be slowed by cold attacks.


Message History

There is an escape hatch in the ceiling here.
There is a stone staircase leading up here.
Found a book of the Senses.
The hound bites you but does no damage. The hound bites you.
* * * LOW HITPOINT WARNING * * *
The hound bites you but does no damage.
The hound pauses to sniff the ground.
The hound closely misses you. The hound bites you but does no damage.
The hound misses you. The hound barely misses you.
There is a stone staircase leading up here.
The hound misses you. The hound bites you but does no damage.
You climb upwards.
There is a stone staircase leading down here.
You miss the hound. The hound bites you but does no damage.
The hound misses you.
You thump the hound!
The hound is severely wounded.
The hound bites you but does no damage.
You sock the hound!
You kill the hound!
Makhleb accepts your kill.
You start resting.
HP restored.
There is a stone staircase leading down here.
You climb downwards.
The ogre misses you. The ogre closely misses you.
There is a stone staircase leading up here.
You hit the ogre.
The ogre flickers and vanishes!
Deactivating autopickup; reactivate with Ctrl-A.
You tail-slap something.
No target in view!
No target in view!
You hit something. Something hits you!!!
Ouch! That really hurt!
* * * LOW HITPOINT WARNING * * *
Something hits you!!!
Ouch! That really hurt!
You die...

#.###......#h####.#.#.#........)<
#......##.#.####............####
#.#.##.#......###....<...#
#.#......############.####
#.####.#.#h..h.?.# #...#
#.####.#.#.#####.# #...#
#......#.#.#####.# #...#
####..(....{>.##.# #...#
######.###.#..@....# #...#
#......# #.#.##.##.###...####
#......# #..............:.....
#......# ###.##...............
#.....## #..##)......>......
#.....# #.#.....###...#####
####### ##.###### #...# # #...#
#...#


There were no monsters in sight!

Vanquished Creatures
  Sigmund (D:3)
  An ogre (D:4)
  2 phantoms (D:4)
  A scorpion (D:4)
  A bullfrog zombie (D:5)
  2 hounds (D:4)
  Crazy Yiuf (D:2)
  A centaur skeleton (D:4)
  An orc priest (D:5)
  An iguana (D:5)
  An adder (D:5)
  A worm (D:2)
  2 dart slugs
  6 orcs (D:5)
  A bat (D:1)
  An endoplasm (D:1)
  4 goblins
  9 hobgoblins
  4 jackals (D:1)
  3 kobolds (D:4)
  8 quokkas
  2 ball pythons
  3 frilled lizards
  2 rats (D:2)
59 creatures vanquished.

Vanquished Creatures (others)
  3 plants (D:2)
3 creatures vanquished.

Grand Total: 62 creatures vanquished

Notes
Turn   | Place    | Note
-------+----------+-------------------------------------------
     0 | D:1      | Lekart the Draconian Fighter began the quest for the Orb.
     0 | D:1      | Reached XP level 1. HP: 19/19 MP: 1/1
   224 | D:1      | Reached XP level 2. HP: 3/26 MP: 2/2
  1555 | D:2      | Found a blossoming altar of Fedhas.
  1640 | D:2      | Found a runed translucent door.
  1641 | D:2      | Noticed Crazy Yiuf
  1714 | D:2      | Reached XP level 3. HP: 28/31 MP: 3/3
  1847 | D:2      | Found a blossoming altar of Fedhas.
  2360 | D:2      | Killed Crazy Yiuf
  2361 | D:2      | Reached skill level 3 in Long Blades
  2361 | D:2      | Reached XP level 4. HP: 40/40 MP: 4/4
  2685 | D:3      | Found a glowing silver altar of Zin.
  2813 | D:3      | Noticed Sigmund
  2840 | D:3      | Killed Sigmund
  2841 | D:3      | Reached skill level 4 in Long Blades
  2841 | D:3      | Reached XP level 5. HP: 24/46 MP: 5/5
  3105 | D:3      | Found a sacrificial altar of Ru.
  3556 | D:4      | Noticed a phantom
  3561 | D:4      | Killed a phantom
  3562 | D:4      | Reached skill level 1 in Staves
  3562 | D:4      | Reached XP level 6. HP: 36/52 MP: 6/6
  3813 | D:4      | Reached skill level 5 in Long Blades
  4074 | D:4      | Found a staircase to the Ecumenical Temple.
  4150 | Temple   | Entered the Ecumenical Temple
  4305 | Temple   | Became a worshipper of Makhleb the Destroyer
  4487 | D:4      | Found a white marble altar of Elyvilon.
  4585 | D:5      | Entered Level 5 of the Dungeon
  4606 | D:5      | Your scales start taking on a rich purple colour.
  4606 | D:5      | Reached XP level 7. HP: 59/60 MP: 7/7
  5234 | D:5      | HP: 1/60 [ogre (7)]
  5536 | D:5      | Annihilated by an ogre

Illustrated notes

Levels and vault maps discovered:
D:1:      nagdon_arrival_double_spiral, layout_loops_corners,
          minmay_statues_item, bh_walls_and_bars
D:2:      wad_woods_stonehenge, layout_basic, basic_altar,
          uniq_crazy_yiuf_cottage
D:3:      layout_basic, mainiacjoe_overflow_catwalk_spiral, uniq_sigmund
D:4:      layout_loops_ring, elyvilon_altar_3, temple_hall, grunt_decor_cap,
          palyth_stone_intersect
D:5:      minmay_diamond_boxcup, layout_loops_cross
Temple:   regret_index_temple_sphere_string

Skill      XL: |  1  2  3  4  5  6  7 |
---------------+----------------------+-----
Dodging        | 3 |  3.9
Long Blades    | 3 4 5 |  5.4
Fighting       | 4 |  4.9
Staves         | 1 2 3 |  3.2
Shields        | |  3.8

Action                   |  1- 3 |  4- 6 |  7- 9 || total
-------------------------+-------+-------+-------++-------
Melee: Long sword        |    75 |       |       ||    75
       Tailslap          |     3 |     5 |     4 ||    12
       Quarterstaff      |       |    54 |    33 ||    87
 Abil: Breathe Dispellin |       |       |     3 ||     3
  Use: Scroll            |     4 |     3 |     1 ||     8
       Potion            |     2 |     5 |       ||     7
 Stab: Sleeping          |     1 |       |       ||     1
Armor: Skin              |    21 |    27 |    11 ||    59
Dodge: Dodged            |    67 |    31 |    18 ||   116
Block: Buckler           |    22 |       |       ||    22

Table legend: (Time is in decaauts)
 A = Elapsed time spent in this place.
 B = Non-inter-level travel time spent in this place.
 C = Inter-level travel time spent in this place.
 D = Time resting spent in this place.
 E = Time spent auto-exploring this place.
 F = Levels seen in this place.
 G = Mean time per level.
                   A        B        C        D        E       F      G
               +--------+--------+--------+--------+--------+-----+--------+
         Total |   5582 |   5422 |    160 |   1033 |   3763 |   6 |  930.3 |
       Dungeon |   5410 |   5266 |    144 |   1033 |   3634 |   5 | 1082.0 |
        Temple |    171 |    155 |     16 |      0 |    129 |   1 |  171.0 |
               +--------+--------+--------+--------+--------+-----+--------+

Top non-repeatable levels by time:
     D:4: 1452 daAuts
     D:1: 1433 daAuts
     D:3: 1123 daAuts
     D:2: 1027 daAuts
     D:5: 373 daAuts
  Temple: 171 daAuts
